 Dungeon Crawl Stone Soup version 0.31-a0-441-g867994ef1c (webtiles) character file.

Game seed: 15678195706933062978

360 Arzdou the Ruffian (level 6, 0/70 HPs)
             Began as a Demonspawn Shapeshifter on Aug 2, 2023.
             Was an Initiate of Ru.
             Slain by a killer bee (6 damage)
             ... in the Ecumenical Temple.
             The game lasted 00:04:01 (3335 turns).

Arzdou the Ruffian (Demonspawn Shapeshifter)        Turns: 3335, Time: 00:04:02

Health: 0/70       AC: 23    Str: 17    XL:     6   Next: 38%
Magic:  6/6        EV:  2    Int: 10    God:    Ru [......]
Gold:   201        SH:  0    Dex: 13    Spells: 5/5 levels left

rFire   + .          .
                       - Unarmed
rCold   . . .        (no shield)
rNeg    . . .        h - melded +0 robe
rPois   +            (helmet currently unavailable)
rElec   .            (cloak currently unavailable)
rCorr   .            (gloves currently unavailable)
SInv    .            (boots currently unavailable)
Will    .....        (no amulet)
Stlth   +            e - ring of protection from fire
HPRegen 0.31/turn    (no ring)
MPRegen 0.10/turn

%: no passive effects
@: tree-form
A: stationary, stasis, torment immunity, boosted hp, demonic guardian 1,
(demonic touch 2)
a: Renounce Religion


You were in the Ecumenical Temple.
You worshipped Ru.
Ru was noncommittal.
You were a tree.
You visited 2 branches of the dungeon, and saw 6 of its levels.

You collected 201 gold pieces.

Inventory:

Armour
 a - a +0 animal skin
 h - a +0 robe (melded)
 n - a +1 helmet
Jewellery
 e - a ring of protection from fire (left branch)
Talismans
 c - a beast talisman
Wands
 t - a wand of polymorph (4)
Scrolls
 d - 3 scrolls of identify {unknown}
 f - 2 scrolls of blinking {unknown}
 g - a scroll of enchant weapon {unknown}
 i - a scroll of vulnerability {unknown}
 l - a scroll of fog {unknown}
 o - a scroll of revelation {unknown}
 p - a scroll of acquirement {unknown}
 r - 2 scrolls of butterflies {unknown}
 u - a scroll of silence {unknown}
Potions
 j - a potion of mutation {unknown}
 k - a potion of heal wounds {unknown}
 q - a potion of invisibility {unknown}
 s - a potion of degeneration {unknown}
 v - a potion of magic {unknown}


   Skills:
 + Level 3.3 Fighting
 + Level 3.4 Dodging
 + Level 4.0 Unarmed Combat
 + Level 3.6 Shapeshifting


You had 5 spell levels left.
You didn't know any spells.
Your spell library contained the following spells:

 Spells                   Type           Power      Damage    Failure   Level
 Freeze                   Ice            0%         1d3       36%         1
 Frozen Ramparts          Ice            0%         1d1       75%         3
 Hailstorm                Conj/Ice       0%         3d3       75%         3


Dungeon Overview and Level Annotations

Branches:
Dungeon (5/15)             Temple (1/1) D:5

Altars:
Cheibriados
Dithmenos
Fedhas
Gozag
Hepliaklqana
Makhleb
Nemelex Xobeh
Okawaru
Qazlal
Ru
Sif Muna
Trog
Uskayaw
Vehumet
Wu Jian
Xom

Shops:
D:1 !


Innate Abilities, Weirdness & Mutations

You are a tree.
Your roots penetrate the ground, keeping you stationary.
You cannot be teleported.
You are immune to unholy pain and torment.
Your maximum health is greatly increased.
Your equipment is partially melded.
A weak demonic guardian rushes to your aid.
((Your touch may inflict irresistible damage on your foes.))


Message History

There is a staircase back to the Dungeon here.
Really quaff the potion of lignification? [Y]es or [N]o only, please.
Really quaff the potion of lignification?
Your transformation has ended.
You turn into a tree.
Your +0 robe melds into your body.
Your roots penetrate the ground.
* * * LOW HITPOINT WARNING * * *
You feel sick.
The killer bee stings you but does no damage. x4
You feel better.
The killer bee stings you but does no damage. x2
The killer bee stings you.
* * * LOW HITPOINT WARNING * * *
The killer bee stings you but does no damage.
You are too injured to fight recklessly!
You are too injured to fight recklessly!
You hit the killer bee.
The killer bee is heavily wounded.
The killer bee stings you but does no damage. x4
You miss the killer bee.
The killer bee is heavily wounded.
The killer bee stings you but does no damage.
The killer bee stings you.
* * * LOW HITPOINT WARNING * * *
You are lethally poisoned!
The killer bee poisons you! The killer bee stings you.
* * * LOW HITPOINT WARNING * * *
The killer bee stings you but does no damage.
You feel better. The killer bee stings you.
* * * LOW HITPOINT WARNING * * *
A demonic guardian appears!
The killer bee stings you but does no damage.
The killer bee stings you.
* * * LOW HITPOINT WARNING * * *
The killer bee stings you but does no damage.
You barely miss the killer bee.
The killer bee is heavily wounded.
The killer bee stings you.
You die...

......♣♣♣♣♣♣...≈≈≈...♣♣♣♣♣♣......
._......♣...♣♣..≈..♣♣...♣......_.
.........♣♣♣♣♣♣...♣♣♣♣♣♣.........
...⌠.._..♣ ♣♣.♣♣ ♣.._..⌠...
.........♣ ♣♣♣.♣♣♣ ♣.........
.._.....♣♣ ♣♣♣.....♣♣♣ ♣♣....._..
♣.....♣♣♣ ♣♣.........♣♣ ♣♣♣.....♣
♣♣♣♣♣♣♣ ♣...........♣ ♣♣♣♣♣♣♣
♣....y♣.....♣ ♣....y......♣
♣♣...5.....♣♣ ♣♣♣.....♣♣♣ ♣♣♣♣♣♣♣


You could see 2 killer bees and a friendly iron imp (summoned).

Vanquished Creatures
  Sigmund (D:2)
  A jelly (D:4)
  Natasha (thrice) (D:3)
  3 adders
  2 worms
  A dart slug (D:1)
  7 endoplasms
  2 giant cockroaches
  7 goblins
  7 hobgoblins
  9 jackals
  5 quokkas
  7 ball pythons
  3 bats (D:1)
  A frilled lizard (D:2)
  6 kobolds
  5 rats
70 creatures vanquished.

Notes
Turn   | Place    | Note
-------+----------+-------------------------------------------
     0 | D:1      | Arzdou the Demonspawn Shapeshifter began the quest for the
                  | Orb.
     0 | D:1      | Reached XP level 1. HP: 15/15 MP: 1/1
    76 | D:1      | Found Betepody's Distillery.
   122 | D:1      | Discovered your monstrous ancestry.
   122 | D:1      | Gained mutation: Your touch may inflict minor irresistible
                  | damage on your foes. [demonic ancestry]
   122 | D:1      | Reached XP level 2. HP: 9/21 MP: 2/2
   410 | D:1      | Reached skill level 3 in Unarmed Combat
   968 | D:2      | Gained mutation: Your touch may inflict irresistible damage
                  | on your foes. [demonic ancestry]
   968 | D:2      | Reached XP level 3. HP: 27/27 MP: 3/3
  1105 | D:2      | Noticed Sigmund
  1111 | D:2      | HP: 1/27 [Sigmund/+0 scythe (11)]
  1113 | D:2      | Killed Sigmund
  1114 | D:2      | Reached XP level 4. HP: 14/34 MP: 4/4
  1114 | D:2      | Reached XP level 5. HP: 16/40 MP: 5/5
  2023 | D:3      | Noticed Natasha
  2029 | D:3      | Killed Natasha
  2030 | D:3      | Gained mutation: A weak demonic guardian rushes to your
                  | aid. [demonic ancestry]
  2030 | D:3      | Reached XP level 6. HP: 47/47 MP: 6/6
  2242 | D:3      | Noticed Natasha
  2248 | D:3      | Killed Natasha
  2320 | D:3      | Found a sacrificial altar of Ru.
  2327 | D:3      | Became a worshipper of Ru the Awakened
  2334 | D:3      | Noticed Natasha
  2338 | D:3      | Killed Natasha
  2483 | D:3      | Found a shimmering blue altar of Sif Muna.
  2483 | D:3      | Found a radiant altar of Vehumet.
  2570 | D:4      | Identified the +0 sling "Ilosm" {freeze, rN+}
  2769 | D:4      | Reached skill level 4 in Unarmed Combat
  3229 | D:5      | Entered Level 5 of the Dungeon
  3299 | D:5      | Found a staircase to the Ecumenical Temple.
  3314 | D:5      | Found a bloodstained altar of Trog.
  3329 | Temple   | Entered the Ecumenical Temple
  3335 | Temple   | Slain by a killer bee

Illustrated notes

Levels and vault maps discovered:
D:1:      ncdulo_smallfort, layout_basic, serial_shops, shop
D:2:      layout_rooms, uniq_sigmund
D:3:      layout_loops_ring, nicolae_ru_the_path_less_chosen,
          gammafunk_temple_overflow_elements, uniq_natasha
D:4:      layout_loops_ring
D:5:      layout_loops_ring, nicolae_elyvilon_temple_path,
          overflow_temple_1_default, minmay_temple_entry_large_hall,
          gammafunk_ghost_mausoleum
Temple:   jpeg_temple_clearing

Skill      XL: |  1  2  3  4  5  6 |
---------------+-------------------+-----
Dodging        | 2 3 |  3.4
Unarmed Combat | 3 4 |  4.0
Shapeshifting  | 3 |  3.6
Fighting       | 2 3 |  3.3

Action                     |  1- 3 |  4- 6 || total
---------------------------+-------+-------++-------
  Melee: Unarmed           |    86 |    75 ||   161
         Touch             |    10 |     7 ||    17
         Punch             |       |     3 ||     3
    Use: Potion            |     1 |     3 ||     4
   Stab: Sleeping          |     1 |     3 ||     4
 Armour: Animal skin       |     9 |       ||     9
         Robe              |       |     4 ||     4
         Skin              |       |    15 ||    15
  Dodge: Dodged            |    46 |    48 ||    94

Table legend: (Time is in decaauts)
 A = Elapsed time spent in this place.
 B = Non-inter-level travel time spent in this place.
 C = Inter-level travel time spent in this place.
 D = Time resting spent in this place.
 E = Time spent auto-exploring this place.
 F = Levels seen in this place.
 G = Mean time per level.
                   A        B        C        D        E       F      G
               +--------+--------+--------+--------+--------+-----+--------+
         Total |   3357 |   3139 |    218 |    278 |   2419 |   6 |  559.5 |
       Dungeon |   3351 |   3133 |    218 |    278 |   2419 |   5 |  670.2 |
        Temple |      5 |      5 |      0 |      0 |      0 |   1 |    5.0 |
               +--------+--------+--------+--------+--------+-----+--------+

Top non-repeatable levels by time:
     D:1: 957 daAuts
     D:3: 865 daAuts
     D:2: 736 daAuts
     D:4: 691 daAuts
     D:5: 99 daAuts
  Temple: 5 daAuts
